 Dungeon Crawl Stone Soup version 0.31-a0-826-ga5cc291a1b (webtiles) character file.

Game seed: 15714745240663711224

2268 qw the Skirmisher (level 9, 0/57 HPs)
             Began as a Gargoyle Hunter on Sept 23, 2023.
             Slain by a meliai zombie (3 damage)
             ... on level 7 of the Dungeon.
             The game lasted 00:02:14 (5721 turns).

qw the Skirmisher (Gargoyle Hunter)                 Turns: 5721, Time: 00:02:15

Health: 0/57       AC: 14    Str: 14    XL:     9   Next: 38%
Magic:  9/9        EV: 12    Int: 13    God:
Gold:   218        SH:  0    Dex: 19    Spells: 8/8 levels left

rFire   x . .        Y - +0 orcbow (freeze)
rCold   . . .        (shield currently unavailable)
rNeg    + . .        m - +0 ring mail
rPois   inf          k - +0 helmet "Doico" {Dex+2}
rElec   +            (no cloak)
rCorr   +            l - +0 pair of gloves "Loxoibol" {rF- Will+ Int+2 Slay+3}
SInv    .            (no boots)
Will    +....        (no amulet)
Stlth   +            h - ring of resist corrosion
HPRegen 0.29/turn    (no ring)
MPRegen 0.11/turn

%: no passive effects
@: no status effects
A: sickness immunity, AC +6, negative energy resistance 1, electricity
resistance, torment resistance 1, petrification resistance
a: no special abilities


You were on level 7 of the Dungeon.
You visited 1 branch of the dungeon, and saw 7 of its levels.

You collected 400 gold pieces.
You spent 182 gold pieces at shops.


Innate Abilities, Weirdness & Mutations

You are immune to sickness and miasma.
Your stone body is resilient. (AC +6)
You are immune to poison.
You resist negative energy. (rN+)
You are resistant to electric shocks. (rElec)
You are resistant to unholy torment.
You are immune to petrification.


   Skills:
 - Level 7.6 Fighting
 + Level 10.0 Ranged Weapons
 - Level 3.3 Armour
 - Level 3.0 Dodging
 - Level 1.1 Stealth


You had 8 spell levels left.
You didn't know any spells.
Your spell library was empty.

Inventory:

Hand Weapons
 Y - a +0 orcbow of freezing (weapon)
Armour
 a - a +1 pair of gloves
 k - the +0 helmet "Doico" (worn) {Dex+2}
   (You found it on level 4 of the Dungeon)

   Dex+2:     It affects your dexterity (+2).
 l - the +0 pair of gloves "Loxoibol" (worn) {rF- Will+ Int+2 Slay+3}
   (You found it on level 4 of the Dungeon)

   Int+2:     It affects your intelligence (+2).
   Slay+3:    It affects your accuracy & damage with ranged weapons and melee
   (+3).
   rF-:       It makes you vulnerable to fire.
   Will+:     It increases your willpower.
 m - a +0 ring mail (worn)
Jewellery
 h - a ring of resist corrosion (left hand)
Potions
 b - a potion of enlightenment
 d - 5 potions of curing
 e - a potion of degeneration {unknown}
 f - a potion of resistance {unknown}
 g - a potion of cancellation {unknown}
 i - a potion of might {unknown}
 j - a potion of heal wounds {unknown}
 n - a potion of berserk rage {unknown}

Dungeon Overview and Level Annotations

Branches:
Dungeon (7/15)
 Temple: D:4-7

Altars:
Dithmenos
Fedhas
Gozag
Hepliaklqana
Kikubaaqudgha
Qazlal
Ru
Xom

Shops:
D:5 (

Annotations:
D:6 1 runed translucent door, qw's ghost, novice GrHu


Message History

The centaur warrior zombie kicks you but does no damage.
The centaur warrior zombie barely misses you.
The centaur warrior zombie kicks you but does no damage.
You shoot an arrow.
The arrow hits the centaur warrior zombie!
The centaur warrior zombie is almost destroyed.
The centaur warrior zombie completely misses you.
The centaur warrior zombie kicks you but does no damage.
The centaur warrior zombie hits you but does no damage.
The centaur warrior zombie kicks you but does no damage.
You shoot an arrow.
The arrow hits the centaur warrior zombie.
The centaur warrior zombie is almost destroyed.
The centaur warrior zombie hits you but does no damage.
The centaur warrior zombie kicks you but does no damage.
The centaur warrior zombie closely misses you.
The centaur warrior zombie kicks you but does no damage.
The centaur warrior zombie hits you but does no damage.
The centaur warrior zombie kicks you.
The centaur warrior zombie closely misses you. x2
You shoot an arrow.
The arrow hits the centaur warrior zombie!
You destroy the centaur warrior zombie!
The meliai zombie hits you.
The meliai zombie hits you but does no damage.
The centaur warrior zombie hits you!
The centaur warrior zombie kicks you but does no damage.
Your Fighting skill increases to level 7!
You shoot an arrow. The arrow hits the meliai zombie.
The meliai zombie is lightly damaged.
The meliai zombie hits you but does no damage.
The meliai zombie barely misses you. The centaur warrior zombie hits you.
The centaur warrior zombie misses you. The meliai zombie closely misses you.
The meliai zombie hits you but does no damage.
The centaur warrior zombie hits you!
The centaur warrior zombie kicks you but does no damage.
You shoot an arrow. The arrow hits the meliai zombie.
The meliai zombie is lightly damaged.
The meliai zombie closely misses you. The meliai zombie hits you.
You die...

#.###........##
.# #.#
#.......###..#
.. #.#
#...%...# #..##
. #.# #.......#
##.. #..
##.###.## #.#
... #.#
#..####.## .#.
#.. ##.......#
##.
######..#####
.# #..).@Z#
#.####ZZ.# #.#
Z#..... #.# .#
###. #.. .. .P.
.. .. ... 8.
.P.


You could see 2 centaur warrior zombies, a meliai zombie and a centaur warrior
skeleton.

Vanquished Creatures
  A centaur zombie (D:7)
  Prince Ribbit (D:6)
  A steam dragon (D:7)
  2 ice beasts (D:6)
  An ogre (D:6)
  A phantom (D:4)
  A scorpion (D:6)
  4 killer bees (D:6)
  A howler monkey (D:5)
  2 crimson imps (D:6)
  5 hounds
  2 orc priests
  3 jellies
  5 iguanas
  2 sleepcaps
  3 orc wizards
  A boggart zombie (D:7)
  A mummy (D:5)
  9 gnolls
  11 adders
  4 shadow imps
  2 white imps
  3 ufetubi
  2 worms (D:2)
  3 dart slugs
  12 orcs
  4 endoplasms
  4 giant cockroaches
  6 goblins
  4 hobgoblins
  6 jackals
  7 kobolds
  5 quokkas
  8 ball pythons
  4 bats
  A frilled lizard (D:3)
  A hobgoblin zombie (D:5)
  A kobold zombie (D:5)
  2 orc zombies (D:5)
  5 rats
141 creatures vanquished.

Notes
Turn   | Place    | Note
-------+----------+-------------------------------------------
     0 | D:1      | qw the Gargoyle Hunter began the quest for the Orb.
     0 | D:1      | Reached XP level 1. HP: 12/12 MP: 1/1
     0 | D:1      | 0 ||| qw: Version: 0.3-a-83-gcd0e7d8
     0 | D:1      | 0 ||| qw: Game counter: 1886
     0 | D:1      | 0 ||| qw: Melee chars always use a shield: true
     0 | D:1      | 0 ||| qw: God list: Okawaru
     0 | D:1      | 0 ||| qw: Allow faded altars: false
     0 | D:1      | 0 ||| qw: Do Orc after clearing Dungeon:15 true
     0 | D:1      | 0 ||| qw: Do second Lair branch before Depths: true
     0 | D:1      | 0 ||| qw: Lair rune preference: random
     0 | D:1      | 0 ||| qw: Goals: Normal
     0 | D:1      | 0 ||| PLANNING D:1-11
   387 | D:1      | Found a faded altar of an unknown god.
   443 | D:1      | Reached XP level 2. HP: 17/17 MP: 2/2
   836 | D:1      | 836 ||| UPGRADING to +2 hat.
   841 | D:1      | 841 ||| READING scroll labelled POROBB JEOKH.
   842 | D:1      | 842 ||| DRINKING 2 purple potions.
   843 | D:1      | 843 ||| DROPPING scroll of butterflies.
   896 | D:2      | Reached skill level 5 in Ranged Weapons
   896 | D:2      | Reached XP level 3. HP: 21/21 MP: 3/3
   984 | D:2      | 984 ||| Stepping ~*~*~tactically~*~*~ (retreating).
   986 | D:2      | 986 ||| Stepping ~*~*~tactically~*~*~ (retreating).
   988 | D:2      | 988 ||| Stepping ~*~*~tactically~*~*~ (retreating).
   989 | D:2      | 989 ||| Stepping ~*~*~tactically~*~*~ (retreating).
   991 | D:2      | 991 ||| Stepping ~*~*~tactically~*~*~ (retreating).
   995 | D:2      | Reached skill level 3 in Fighting
   999 | D:2      | Reached XP level 4. HP: 23/28 MP: 4/4
  1305 | D:2      | Reached XP level 5. HP: 21/32 MP: 5/5
  1314 | D:2      | Reached skill level 6 in Ranged Weapons
  1837 | D:2      | 1837 ||| READING scroll labelled GIAGUI YRIO.
  1838 | D:2      | 1838 ||| READING scroll labelled FOH FAONEH.
  1839 | D:2      | 1839 ||| DRINKING 2 bubbling orange potions.
  1840 | D:2      | 1840 ||| DRINKING 2 fizzy coppery potions.
  1841 | D:2      | 1841 ||| DROPPING potion of attraction.
  2048 | D:3      | Found a shadowy altar of Dithmenos.
  2472 | D:3      | 2472 ||| READING 3 scrolls labelled SUKHUI FATE.
  2473 | D:3      | 2473 ||| READING scroll labelled GUNUTWUELE.
  2474 | D:3      | 2474 ||| DROPPING 2 scrolls of fear.
  2531 | D:4      | Noticed a phantom
  2542 | D:4      | Killed a phantom
  2543 | D:4      | Reached XP level 6. HP: 30/38 MP: 6/6
  2616 | D:4      | 2616 ||| FLEEEEING.
  2621 | D:4      | 2621 ||| FLEEEEING.
  2749 | D:4      | Reached skill level 7 in Ranged Weapons
  3061 | D:4      | Found a blossoming altar of Fedhas.
  3236 | D:4      | Identified the +0 helmet "Doico" {Dex+2}
  3303 | D:4      | 3303 ||| FLEEEEING.
  3412 | D:4      | Identified the +0 pair of gloves "Loxoibol" {rF- Will+
                  | Int+2 Slay+3}
  3525 | D:4      | 3525 ||| UPGRADING to +1 pair of gloves.
  3530 | D:4      | 3530 ||| UPGRADING to +0 helmet "Doico" {Dex+2}.
  3540 | D:4      | 3540 ||| DROPPING +2 hat.
  3541 | D:4      | 3541 ||| UPGRADING to +0 pair of gloves "Loxoibol" {rF-
                  | Will+ Int+2 Slay+3}.
  3551 | D:4      | 3551 ||| READING scroll labelled XYTIOTI WIDOMM.
  3567 | D:5      | Entered Level 5 of the Dungeon
  3572 | D:5      | Reached skill level 1 in Armour
  3587 | D:5      | Found a hazy altar of Hepliaklqana.
  3612 | D:5      | Reached XP level 7. HP: 43/43 MP: 7/7
  3947 | D:5      | Found an opulent altar of Gozag.
  3996 | D:5      | Reached skill level 8 in Ranged Weapons
  4125 | D:5      | Found Qaalu's Antique Weapon Shoppe.
  4133 | D:5      | 4133 ||| BUYING glowing orcbow (182 gold).
  4133 | D:5      | Bought a glowing orcbow for 182 gold pieces
  4133 | D:5      | 4133 ||| SWAPPING to +0 antimagic orcbow.
  4134 | D:5      | 4134 ||| DROPPING +0 shortbow.
  4619 | D:5      | 4619 ||| UPGRADING to ring of resist corrosion.
  4620 | D:5      | 4620 ||| READING scroll labelled YTZOPSUPOC.
  4621 | D:5      | 4621 ||| READING scroll labelled EGIYBR ACKE.
  4671 | D:5      | 4671 ||| DRINKING 2 orange potions.
  4672 | D:5      | 4672 ||| DRINKING 3 potions of curing.
  4672 | D:5      | 4672 ||| (to cure confusion)
  4673 | D:5      | 4673 ||| DROPPING potion of ambrosia.
  4724 | D:6      | Noticed Prince Ribbit
  4815 | D:6      | Reached XP level 8. HP: 49/49 MP: 8/8
  4865 | D:6      | Killed Prince Ribbit
  4866 | D:6      | Reached skill level 9 in Ranged Weapons
  4945 | D:6      | Noticed qw's ghost (novice GrHu)
  5023 | D:6      | Found a runed translucent door.
  5033 | D:6      | Found a sacrificial altar of Ru.
  5037 | D:6      | 5037 ||| RETREEAATING.
  5045 | D:6      | Reached skill level 6 in Fighting
  5056 | D:6      | Reached skill level 10 in Ranged Weapons
  5101 | D:6      | Found a stormy altar of Qazlal.
  5103 | D:6      | Found an ancient bone altar of Kikubaaqudgha.
  5329 | D:6      | Reached XP level 9. HP: 55/55 MP: 9/9
  5409 | D:6      | Found a shimmering altar of Xom.
  5451 | D:6      | Reached skill level 3 in Dodging
  5559 | D:6      | 5559 ||| UPGRADING to +0 ring mail.
  5569 | D:6      | 5569 ||| DROPPING +0 leather armour.
  5654 | D:7      | Reached skill level 3 in Armour
  5695 | D:7      | Noticed a hellwing
  5696 | D:7      | 5696 ||| RETREEAATING.
  5698 | D:7      | 5698 ||| RETREEAATING.
  5719 | D:7      | HP: 11/56 [centaur warrior zombie (9)]
  5720 | D:7      | HP: 3/57 [centaur warrior zombie (7)]
  5721 | D:7      | Slain by a meliai zombie

Levels and vault maps discovered:
D:1:      minmay_arrival_three_doors, layout_loops_corners,
          dreamdust_ecumenical_altar_hidden_monk_grotto
D:2:      layout_basic, minmay_misc_feat_pillars, grunt_decor_mini_mirrors,
          minivault_23
D:3:      layout_loops_ring, nicolae_dithmenos_the_darkroom, solitary_fountain
D:4:      layout_gridville, nicolae_overflow_crystal_walls
D:5:      layout_gridville, old_standard_altar, lemuel_tele_altar, serial_shops,
          shop, minmay_mini_ossuary
D:6:      layout_loops_ring, led_xom_imps, grunt_temple_overflow_open,
          hellmonk_ghost_happy_afterlife, uniq_prince_ribbit1
D:7:      cheibrodos_grave_circle, layout_rooms, temple_statues,
          chequers_hall_statues_corner_a

Skill      XL: |  1  2  3  4  5  6  7  8  9 |
---------------+----------------------------+-----
Ranged Weapons | 5 6 7 8 10 | 10.0
Fighting       | 3 4 5 6 7 |  7.6
Dodging        | 2 3 |  3.0
Armour         | 1 2 3 |  3.3
Stealth        | |  1.1

Action                     |  1- 3 |  4- 6 |  7- 9 || total
---------------------------+-------+-------+-------++-------
   Fire: Shortbow          |    66 |   242 |    72 ||   380
         Orcbow            |       |       |   164 ||   164
    Use: Scroll            |     1 |     5 |     2 ||     8
         Potion            |     1 |     2 |     2 ||     5
 Armour: Leather armour    |    23 |    62 |    73 ||   158
         Ring mail         |       |       |    56 ||    56
  Dodge: Dodged            |    17 |    47 |    80 ||   144

Table legend:
 A = Non-vault XP
 B = Vault XP
 C = Vault XP percentage of total XP
 D = Non-vault monster count
 E = Vault monster count
 F = Vault count percentage of total count
                 A         B        C        D         E       F
            +---------+---------+-------+---------+---------+-------
      Total |    2300 |     941 |  29.0 |     128 |      13 |   9.2
            +---------+---------+-------+---------+---------+-------
        D:1 |      32 |       0 |   0.0 |      17 |       0 |   0.0
        D:2 |     195 |       0 |   0.0 |      24 |       0 |   0.0
        D:3 |      33 |       0 |   0.0 |      12 |       0 |   0.0
        D:4 |     316 |       0 |   0.0 |      31 |       0 |   0.0
        D:5 |     428 |      22 |   4.9 |      15 |       5 |  25.0
        D:6 |    1051 |     377 |  26.4 |      23 |       3 |  11.5
        D:7 |     245 |     542 |  68.9 |       6 |       5 |  45.5
            +---------+---------+-------+---------+---------+-------
